 Dungeon Crawl Stone Soup version 0.31.0-32-g396128a36d (webtiles) character file.

Game seed: 1392172563262218109

46 PaiMei the Gusty (level 3, 0/19 HPs)
             Began as a Tengu Air Elementalist on Mar 20, 2024.
             Slain by an endoplasm (2 damage)
             ... on level 2 of the Dungeon.
             The game lasted 00:01:33 (1475 turns).

PaiMei the Gusty (Tengu Air Elementalist)           Turns: 1475, Time: 00:01:33

Health: 0/19       AC:  2    Str:  8    XL:     3   Next: 68%
Magic:  0/7        EV: 12    Int: 17    God:
Gold:   32         SH:  0    Dex: 14    Spells: 5/6 levels left

rFire   . . .        d - +0 short sword
rCold   . . .        (no shield)
rNeg    . . .        a - +0 robe
rPois   .            (helmet restricted)
rElec   .            (no cloak)
rCorr   .            (no gloves)
SInv    .            (boots unavailable)
Will    .....        (no amulet)
Stlth   ++           (no ring)
HPRegen 0.23/turn    (no ring)
MPRegen 0.10/turn

%: acrobat
@: no status effects
A: beak, talons 3, acrobatic
a: no special abilities


You were on level 2 of the Dungeon.
You visited 1 branch of the dungeon, and saw 2 of its levels.

You collected 32 gold pieces.

Inventory:

Hand Weapons
 d - a +0 short sword (weapon)
Armour
 a - a +0 robe (worn)
Jewellery
 k - a ring of fire
Scrolls
 c - a scroll of enchant weapon {unknown}
 e - a scroll of vulnerability {unknown}
 f - a scroll of summoning {unknown}
 g - 4 scrolls of teleportation {unknown}
 i - a scroll of poison {unknown}
 j - a scroll of immolation {unknown}
 l - a scroll of fog {unknown}
Potions
 b - a potion of magic
 h - a potion of mutation {unknown}


   Skills:
 + Level 2.7 Dodging
 + Level 2.5 Stealth
 + Level 2.4 Spellcasting
 + Level 2.2 Conjurations
 + Level 4.5 Air Magic


You had 5 spell levels left.
You knew the following spells:

 Your Spells              Type           Power      Damage    Failure   Level
a - Shock                 Conj/Air       52%        1d6       4%          1

Your spell library contained the following spells:

 Spells                   Type           Power      Damage    Failure   Level
 Static Discharge         Conj/Air       26%        3-5/arc   7%          2
 Swiftness                Air            17%        N/A       9%          3
 Airstrike                Air            8%         2d(2-18)  28%         4


Dungeon Overview and Level Annotations

Branches:
Dungeon (2/15)

Altars:


Innate Abilities, Weirdness & Mutations

You have a beak for a mouth.
You have claws for feet.
You can magically evade attacks while moving or waiting.


Message History

Press: ? - help, Shift-Dir - straight line, f/p - hobgoblin
Aim: a hobgoblin (moderately wounded, strong, 68% to hit)
The zap hits the hobgoblin.
You kill the hobgoblin!
The zap hits the goblin.
The goblin is severely wounded.
The goblin shouts!
You hear a shout!
The goblin closely misses you. Robin completely misses you.
You see here a hobgoblin corpse.
You barely miss the goblin. You claw the goblin.
You kill the goblin!
Robin barely misses you.
Casting: Shock (safe; 4% risk of failure)
Confirm with . or Enter, or press ? or * to list all spells.
You don't have enough magic to cast this spell.
You hit the endoplasm.
The endoplasm is heavily wounded.
The endoplasm freezes you.
You are frozen.
* * * LOW HITPOINT WARNING * * *
Robin hits you from afar with a +0 spear.
* * * LOW HITPOINT WARNING * * *
Casting: Shock (safe; 4% risk of failure)
Confirm with . or Enter, or press ? or * to list all spells.
You don't have enough magic to cast this spell.
You hit the endoplasm but do no damage.
The endoplasm is heavily wounded.
The endoplasm barely misses you. Robin barely misses you.
Casting: Shock (safe; 4% risk of failure)
Confirm with . or Enter, or press ? or * to list all spells.
Aiming: Shock (safe; 4% risk of failure)
Press: ? - help, Shift-Dir - straight line The zap hits the endoplasm.
The endoplasm is severely wounded.
The zap hits Robin.
Robin is severely wounded.
The zap hits Robin.
You kill Robin!
The endoplasm hits you.
You die...

#.>...># #.....<# .##
#......# ### ...##########
#......# #..
#..........######..†...# #..
#......##...†..........###).
#......##..######...........
#......##.#####.............
#.........J@g.g.#......###..
#.......#)#######..#######..
#.........# #....# #....
...........# ..#.## ###..g.
##......))## .##..####...)..
#........)#. #........g...
###..##...†!## ##.###.##g#.#
#.. ...##).> ##.###g...#..
... .... ##)##.gg.†.#####.


You could see an endoplasm, a hobgoblin and a goblin.

Vanquished Creatures
  Robin (D:2)
  An adder (D:2)
  A dart slug (D:1)
  3 ball pythons (D:1)
  A bat (D:1)
  An endoplasm (D:1)
  3 giant cockroaches
  9 goblins
  4 hobgoblins
  2 quokkas
  2 frilled lizards (D:1)
  2 kobolds (D:1)
  A rat (D:1)
31 creatures vanquished.

Notes
Turn   | Place    | Note
-------+----------+-------------------------------------------
     0 | D:1      | PaiMei the Tengu Air Elementalist began the quest for the
                  | Orb.
     0 | D:1      | Reached XP level 1. HP: 10/10 MP: 4/4
   409 | D:1      | Reached XP level 2. HP: 15/15 MP: 4/6
  1337 | D:2      | Reached XP level 3. HP: 19/19 MP: 1/7
  1406 | D:2      | Noticed Robin
  1475 | D:2      | Killed Robin
  1475 | D:2      | Slain by an endoplasm

Illustrated notes

Levels and vault maps discovered:
D:1:      lightli_arrival_farm, layout_basic
D:2:      layout_rooms, dreamdust_ecumenical_altar_drowned_temple, uniq_robin

Skill      XL: |  1  2 |
---------------+-------+-----
Conjurations   | 2 |  2.2
Dodging        | |  2.7
Stealth        | |  2.5
Spellcasting   | |  2.4
Air Magic      | |  4.5

Action                     || total
---------------------------++-------
  Melee: Unarmed           ||     2
         Kick              ||     2
         Short sword       ||    10
   Cast: Shock             ||    57
 Armour: Robe              ||    13
  Dodge: Dodged            ||    46
